 Dungeon Crawl Stone Soup version 0.20-a0-463-g5747544 (webtiles) character file.

79 terra52 the Skirmisher (level 4, -6/39 HPs)
             Began as a Formicid Abyssal Knight on Jan 10, 2017.
             Was a Believer of Lugonu.
             Mangled by a gnoll (7 damage)
             ... on level 2 of the Dungeon.
             The game lasted 00:04:48 (1932 turns).

terra52 the Skirmisher (Formicid Abyssal Knight)    Turns: 1932, Time: 00:04:48

Health: -6/39      AC:  3    Str: 18    XL:     4   Next: 62%
Magic:  5/5        EV: 11    Int: 11    God:    Lugonu [**....]
Gold:   63         SH:  0    Dex: 10    Spells: 3/3 levels left

rFire  . . .     SeeInvis +     a - +1 spear
rCold  . . .     Gourm    .     b - +0 leather armour
rNeg   . . .     Faith    .     (no shield)
rPois  .         Spirit   .     (helmet unavailable)
rElec  .         Reflect  .     (no cloak)
rCorr  .         Harm     .     (no gloves)
MR     .....                    (no boots)
Stlth  +.........               (no amulet)
                                (no ring)
                                (no ring)

@: flying
A: permanent stasis, dig shafts and tunnels, four strong arms, antennae 3
a: Dig, Shaft Self, Depart the Abyss, Bend Space, Renounce Religion


You were on level 2 of the Dungeon.
You worshipped Lugonu.
Lugonu was pleased with you.
You were not hungry.

You visited 1 branch of the dungeon, and saw 2 of its levels.
You visited the Abyss 1 time.

You collected 63 gold pieces.

Inventory:

Hand Weapons
 a - a +1 spear (weapon)
Missiles
 q - 23 stones (quivered)
 s - 12 poisoned needles
Armour
 b - a +0 leather armour (worn)
Jewellery
 m - a cursed -2 ring of protection {unknown}
Scrolls
 d - a scroll of immolation {unknown}
 e - 2 scrolls of identify {unknown}
 g - a scroll of random uselessness {unknown}
 h - a scroll of remove curse {unknown}
 i - a scroll of fear {unknown}
 k - a scroll of noise {unknown}
 n - a scroll of magic mapping {unknown}
 o - a scroll of recharging {unknown}
Potions
 p - a potion of curing
Comestibles
 c - a bread ration
 l - 4 chunks of flesh
 r - a slice of pizza


   Skills:
 + Level 5.2 Fighting
 - Level 2.0 Polearms
 - Level 2.1 Armour
 - Level 0.8 Dodging
 + Level 1.6 Stealth
 - Level 2.1 Invocations


You had 3 spell levels left.
You didn't know any spells.

Dungeon Overview and Level Annotations

Branches:
Dungeon (2/15)

Altars:
Dithmenos
Vehumet


Innate Abilities, Weirdness & Mutations

You cannot be hasted, slowed, berserked, paralysed or teleported.
You can dig through walls and to a lower floor.
Your four strong arms can wield two-handed weapons with a shield.
You have a pair of large antennae on your head. (SInv)


Message History

The gnoll barely misses you.
You hit the gnoll.
The gnoll is severely wounded.
You feel sick. The gnoll hits you with a spear!
* * * LOW HITPOINT WARNING * * *
You hit the gnoll.
The gnoll is almost dead.
The gnoll barely misses you.
You puncture the gnoll!
You kill the gnoll!
Lugonu accepts your kill.
It was a potion of curing.
You feel better. The gnoll hits you.
* * * LOW HITPOINT WARNING * * *
Okay, then.
It was a potion of cancellation.
You feel magically purged. The gnoll barely misses you.
It was a potion of flight.
You feel very buoyant.
You fly up into the air.
The gnoll hits you!
You die...

#.###.
#.##..
###.#..# ##
###.....##
#.
###...##.##
#.
#...###..#
#.##
#.......##
##g#
#....####
#@#{#
#...##
#.##gg#.###
#..##g#.#
###.###.#
#.##..#
#....##
######


You could see a gnoll.

Vanquished Creatures
  An adder (D:2)
  2 gnolls (D:2)
  An ooze (D:1)
  A dart slug (D:2)
  A leopard gecko (D:2)
  2 giant cockroaches (D:2)
  3 goblins
  8 hobgoblins
  4 jackals (D:1)
  4 kobolds
  6 bats
  2 frilled lizards
  9 rats
44 creatures vanquished.

Notes
Turn   | Place    | Note
-------+----------+-------------------------------------------
     0 | Abyss:1  | terra52 the Formicid Abyssal Knight began the quest for the Orb.
     0 | Abyss:1  | Reached XP level 1. HP: 18/18 MP: 2/2
    33 | Abyss:1  | Found a corrupted altar of Lugonu.
    44 | Abyss:1  | Found a corrupted altar of Lugonu.
    61 | Abyss:1  | Found a corrupted altar of Lugonu.
   163 | Abyss:1  | Noticed an orb spider
   164 | D:1      | Escaped the Abyss
   653 | D:1      | Reached XP level 2. HP: 25/25 MP: 3/3
   707 | D:1      | Reached * piety under Lugonu
   805 | D:1      | Reached skill level 4 in Fighting
   875 | D:1      | Reached XP level 3. HP: 16/31 MP: 4/4
  1515 | D:2      | Found a shadowy altar of Dithmenos.
  1634 | D:2      | Reached skill level 1 in Stealth
  1684 | D:2      | Found a radiant altar of Vehumet.
  1763 | D:2      | Reached ** piety under Lugonu
  1833 | D:2      | Reached XP level 4. HP: 38/38 MP: 5/5
  1918 | D:2      | Reached skill level 5 in Fighting
  1927 | D:2      | HP: 1/39 [gnoll/spear (8)]
  1932 | D:2      | Mangled by a gnoll

Vault maps used:
D:1:      dpeg_chamrin_arrival_tetris
D:2:      marbit_many_paths, nicolae_dithmenos_shadow_blocks,
          old_standard_altar, kennysheep_generic_room_9

Skill      XL: |  1  2  3  4 |
---------------+-------------+-----
Fighting       | 4 5 |  5.2
Stealth        | 1 |  1.6
Polearms       | |  2.0
Armour         | |  2.1
Dodging        | |  0.8
Invocations    | |  2.1

Action                   |  1- 3 |  4- 6 || total
-------------------------+-------+-------++-------
Melee: Spear             |   129 |    25 ||   154
Invok: Depart the Abyss  |     1 |       ||     1
  Use: Potion            |       |     3 ||     3
 Stab: Sleeping          |     1 |     1 ||     2
  Eat: Chunk             |     3 |       ||     3
Armor: Leather armour    |    27 |     5 ||    32
Dodge: Dodged            |    87 |    12 ||    99
